 Dungeon Crawl Stone Soup version 0.32-a0-30-gefbe487952 (console) character file.

Game seed: 466535413362309436

746 jejorda2 the Chopper (level 7, 0/57 (60) HPs)
             Began as a Gnoll Berserker on Jan 19, 2024.
             Was a Priest of Trog.
             Slain by a wight
             ... wielding a +4 falchion of freezing
              (2 damage)
             ... on level 7 of the Dungeon.
             The game lasted 00:08:04 (4111 turns).

jejorda2 the Chopper (Gnoll Berserker)              Turns: 4111, Time: 00:08:04

HP:   0/57 (60)     AC: 10    Str: 22    XL:     7   Next: 77%
MP:   11/11         EV: 10    Int:  6    God:    Trog [***...]
Gold: 264           SH:  0    Dex: 10    Spells: 11/11 levels left

rFire   x . .        a - +1 hand axe (freeze)
rCold   . . .        (no shield)
rNeg    . . .        s - +1 chain mail
rPois   .            (no helmet)
rElec   .            (no cloak)
rCorr   .            (no gloves)
SInv    .            (no boots)
Will    .....        v - amulet of regeneration Stlth
                     (no ring)
HPRegen 1.09/turn    (no ring)
MPRegen 0.12/turn

%: no passive effects
@: mighty, drained
A: fangs 1, strong nose, distributed training, strong 1, heat vulnerability 1,
inability to read after injury 1
a: Renounce Religion, Berserk, Trog's Hand


You were on level 7 of the Dungeon.
You worshipped Trog.
Trog was most pleased with you.
You visited 1 branch of the dungeon, and saw 8 of its levels.

You collected 264 gold pieces.

Inventory:

Hand Weapons
 a - a +1 hand axe of freezing (weapon)
 b - the +2 trident of Youthful Indiscretion {flame, rC+ Int+2}
   (You found it on level 4 of the Dungeon)

   Int+2:     It affects your intelligence (+2).
   rC+:       It protects you from cold.
 r - a +0 hand axe
Armour
 o - a +1 leather armour of cold resistance
 s - a +1 chain mail (worn)
Jewellery
 d - a +6 ring of dexterity
 v - an amulet of regeneration (around neck)
Scrolls
 c - 3 scrolls of poison {unknown}
 e - 2 scrolls of brand weapon {unknown}
 f - a scroll of amnesia {unknown}
 i - 5 scrolls of identify {unknown}
 q - 2 scrolls of vulnerability {unknown}
Potions
 g - a potion of haste {unknown}
 h - 3 potions of might
 j - a potion of attraction {unknown}
 k - a potion of degeneration {unknown}
 m - a potion of invisibility {unknown}
 n - a potion of curing
 t - 3 potions of lignification
 x - a potion of mutation


   Skills:
 + Level 7.2 Fighting
 + Level 2.8 Short Blades
 + Level 2.8 Long Blades
 + Level 7.2 Axes
 + Level 2.8 Maces & Flails
 + Level 2.8 Polearms
 + Level 2.8 Staves
 + Level 2.8 Ranged Weapons
 + Level 2.8 Throwing
 + Level 5.4 Armour
 + Level 5.4 Dodging
 + Level 2.8 Stealth
 + Level 2.8 Shields
 + Level 2.8 Unarmed Combat
 + Level 2.8 Spellcasting
 + Level 2.3 Conjurations
 + Level 2.3 Hexes
 + Level 2.3 Summonings
 + Level 2.3 Necromancy
 + Level 2.3 Translocations
 + Level 2.3 Fire Magic
 + Level 2.3 Ice Magic
 + Level 2.3 Air Magic
 + Level 2.3 Earth Magic
 + Level 2.3 Alchemy
 + Level 3.1 Invocations
 + Level 2.8 Evocations
 + Level 2.5 Shapeshifting


You had 11 spell levels left.
You didn't know any spells.
Your spell library was empty.

Dungeon Overview and Level Annotations

Branches:
Dungeon (8/15)
 Temple: D:4-7         Lair: D:8-11

Altars:
Cheibriados
Elyvilon

Annotations:
D:6 Jeremiah


Innate Abilities, Weirdness & Mutations

You have very sharp teeth.
Your uncanny sense of smell can sniff out nearby items.
Your experience applies equally to all skills.
Your muscles are strong. (Str +4, Int/Dex -1)
You are vulnerable to heat. (rF-)
You occasionally lose the ability to read scrolls when taking damage.


Message History

You feel drained. The wight freezes you.
You barely miss the wight.
The wight is severely damaged.
The wight hits you with a +4 falchion of freezing!
The wight freezes you.
You hit the wight.
The wight is almost destroyed.
The wight hits you with a +4 falchion of freezing.
The wight freezes you.
You barely miss the wight. Your bite misses the wight.
The wight is almost destroyed.
The wight hits you with a +4 falchion of freezing!
The wight freezes you.
* * * LOW HITPOINT WARNING * * *
You barely miss the wight.
The wight is almost destroyed.
The wight hits you with a +4 falchion of freezing.
* * * LOW HITPOINT WARNING * * *
You feel drained.
* * * LOW HITPOINT WARNING * * *
The wight freezes you.
* * * LOW HITPOINT WARNING * * *
You completely miss the wight.
The wight is almost destroyed.
The wight hits you with a +4 falchion of freezing.
* * * LOW HITPOINT WARNING * * *
The wight freezes you.
* * * LOW HITPOINT WARNING * * *
Unknown command.
It was a potion of mutation.
You feel extremely strange.
You occasionally lose the ability to read scrolls when taking damage.
You feel vulnerable to heat.
You feel stronger.
The wight hits you with a +4 falchion of freezing.
* * * LOW HITPOINT WARNING * * *
The wight freezes you.
* * * LOW HITPOINT WARNING * * *
It was a potion of might.
You feel very mighty all of a sudden.
The wight hits you with a +4 falchion of freezing.
You die...

... ..## ./.
....## ... #....
#.# ###.... #.#
...[... #.#
#....##z#
#.....#@# .
#.......# ...
.....##...###...#
##
####........#..##
.#
...####..........
.# ..
....###.#.##.##
.####..#
#[†##...# #
b#....#
#))....##.# ...#
##. ##)#!...#.#


You could see a wight.

Vanquished Creatures
  A steam dragon (D:6)
  A black bear (D:2)
  A sky beast (D:7)
  A bullfrog (D:7)
  2 orc priests (D:7)
  2 sleepcaps
  An iguana (D:4)
  Natasha (twice) (D:4)
  8 adders
  3 dart slugs
  3 ribbon worms
  9 orcs
  9 ball pythons
  7 endoplasms
  4 giant cockroaches
  6 hobgoblins
  5 jackals
  A quokka (D:1)
  4 bats
  8 frilled lizards
  8 goblins
  7 kobolds
  9 rats
102 creatures vanquished.

Notes
Turn   | Place    | Note
-------+----------+-------------------------------------------
     0 | D:1      | jejorda2 the Gnoll Berserker began the quest for the Orb.
     0 | D:1      | Reached XP level 1. HP: 23/23 MP: 1/1
   150 | D:1      | Reached XP level 2. HP: 29/29 MP: 2/2
   843 | D:1      | Reached XP level 3. HP: 35/35 MP: 3/3
  1136 | D:2      | Reached ** piety under Trog
  1137 | D:2      | Reached skill level 1 in Invocations
  1141 | D:2      | Noticed a black bear
  1144 | D:2      | Reached skill level 1 in Short Blades
  1144 | D:2      | Reached skill level 1 in Long Blades
  1144 | D:2      | Reached skill level 1 in Maces & Flails
  1144 | D:2      | Reached skill level 1 in Polearms
  1144 | D:2      | Reached skill level 1 in Staves
  1144 | D:2      | Reached skill level 1 in Ranged Weapons
  1144 | D:2      | Reached skill level 1 in Throwing
  1144 | D:2      | Reached skill level 1 in Stealth
  1144 | D:2      | Reached skill level 1 in Shields
  1144 | D:2      | Reached skill level 1 in Unarmed Combat
  1144 | D:2      | Reached skill level 1 in Spellcasting
  1144 | D:2      | Reached skill level 1 in Evocations
  1150 | D:2      | Killed a black bear
  1151 | D:2      | Reached skill level 1 in Conjurations
  1151 | D:2      | Reached skill level 1 in Hexes
  1151 | D:2      | Reached skill level 1 in Summonings
  1151 | D:2      | Reached skill level 1 in Necromancy
  1151 | D:2      | Reached skill level 1 in Translocations
  1151 | D:2      | Reached skill level 1 in Fire Magic
  1151 | D:2      | Reached skill level 1 in Ice Magic
  1151 | D:2      | Reached skill level 1 in Air Magic
  1151 | D:2      | Reached skill level 1 in Earth Magic
  1151 | D:2      | Reached skill level 1 in Alchemy
  1151 | D:2      | Reached skill level 1 in Shapeshifting
  1151 | D:2      | Reached XP level 4. HP: 9/41 MP: 4/6
  1151 | D:2      | Reached XP level 5. HP: 10/47 MP: 4/7
  1154 | D:2      | HP: 1/47 [adder (2)]
  2264 | D:3      | Found a snail-covered altar of Cheibriados.
  2668 | D:3      | Reached *** piety under Trog
  2670 | D:3      | Reached XP level 6. HP: 50/53 MP: 8/8
  2690 | D:3      | Found a white marble altar of Elyvilon.
  3024 | D:4      | Reached skill level 5 in Armour
  3024 | D:4      | Reached skill level 5 in Dodging
  3081 | D:4      | Noticed Natasha
  3090 | D:4      | Killed Natasha
  3444 | D:4      | Identified the +2 trident of Youthful Indiscretion {flame,
                  | rC+ Int+2}
  3574 | D:4      | Noticed Natasha
  3585 | D:4      | Killed Natasha
  3864 | D:5      | Entered Level 5 of the Dungeon
  3911 | D:5      | You fall into a shaft and drop 3 floors!
  3938 | D:7      | Reached XP level 7. HP: 60/60 MP: 10/10
  3955 | D:6      | Noticed a steam dragon
  3966 | D:6      | Killed a steam dragon
  3972 | D:6      | Noticed Jeremiah
  4110 | D:7      | Gained mutation: You occasionally lose the ability to read
                  | scrolls when taking damage. [potion of mutation]
  4110 | D:7      | Gained mutation: You are vulnerable to heat. (rF-) [potion
                  | of mutation]
  4110 | D:7      | Gained mutation: Your muscles are strong. (Str +4, Int/Dex
                  | -1) [potion of mutation]
  4110 | D:7      | HP: 1/57 [wight/+4 falchion of freezing (2)]
  4111 | D:7      | Slain by a wight

Illustrated notes

Levels and vault maps discovered:
D:1:      minmay_arrival_pointy, layout_loops_corners, st_stairs_2,
          minmay_tree_intersection
D:2:      minmay_chambers_of_twos, layout_loops_ring, minmay_diced_spiral
D:3:      layout_loops_ring, mainiacjoe_overflow_alcove_4, marbit_many_paths
D:4:      layout_loops_corners, minmay_misc_feat_hallway, uniq_natasha
D:5:      layout_cave_pools, minmay_temple_entry_junction
D:6:      layout_cave_pools, nicolae_ru_the_path_less_chosen, uniq_maggie,
          uniq_duvessa, uniq_jeremiah
D:7:      layout_rooms, grunt_temple_overflow_lords_of_destruction,
          nzn_wu_jian_contemplation, serial_shops, shop
D:8:      layout_cave_pools, erik_lair_orcish_takeover, serial_shops,
          nicolae_shop_pleasant_corner_grove

Skill      XL: |  1  2  3  4  5  6  7 |
---------------+----------------------+-----
Invocations    | 1 2 3 |  3.1
Short Blades   | 1 2 |  2.8
Long Blades    | 1 2 |  2.8
Maces & Flails | 1 2 |  2.8
Polearms       | 1 2 |  2.8
Staves         | 1 2 |  2.8
Ranged Weapons | 1 2 |  2.8
Throwing       | 1 2 |  2.8
Stealth        | 1 2 |  2.8
Shields        | 1 2 |  2.8
Unarmed Combat | 1 2 |  2.8
Spellcasting   | 1 2 |  2.8
Evocations     | 1 2 |  2.8
Conjurations   | 1 2 |  2.3
Hexes          | 1 2 |  2.3
Summonings     | 1 2 |  2.3
Necromancy     | 1 2 |  2.3
Translocations | 1 2 |  2.3
Fire Magic     | 1 2 |  2.3
Ice Magic      | 1 2 |  2.3
Air Magic      | 1 2 |  2.3
Earth Magic    | 1 2 |  2.3
Alchemy        | 1 2 |  2.3
Shapeshifting  | 1 2 |  2.5
Armour         | 5 |  5.4
Dodging        | 5 |  5.4
Fighting       | 7 |  7.2
Axes           | 7 |  7.2

Action                     |  1- 3 |  4- 6 |  7- 9 || total
---------------------------+-------+-------+-------++-------
  Melee: Hand axe          |    94 |   181 |    35 ||   310
         Bite              |     5 |    24 |     1 ||    30
         Punch             |     1 |     5 |       ||     6
         Quarterstaff      |       |    17 |       ||    17
 Invoke: Berserk           |     1 |     1 |     2 ||     4
         Trog's Hand       |       |     1 |     1 ||     2
    Use: Potion            |       |     2 |     2 ||     4
         Scroll            |       |       |     5 ||     5
   Stab: Sleeping          |       |     2 |       ||     2
 Armour: Animal skin       |    40 |     4 |       ||    44
         Leather armour    |       |    42 |       ||    42
         Chain mail        |       |    78 |    33 ||   111
         Skin              |       |     2 |       ||     2
  Dodge: Dodged            |    62 |    78 |     7 ||   147

Table legend: (Time is in decaauts)
 A = Elapsed time spent in this place.
 B = Non-inter-level travel time spent in this place.
 C = Inter-level travel time spent in this place.
 D = Time resting spent in this place.
 E = Time spent auto-exploring this place.
 F = Levels seen in this place.
 G = Mean time per level.
                   A        B        C        D        E       F      G
               +--------+--------+--------+--------+--------+-----+--------+
         Total |   4136 |   3954 |    182 |    142 |   3070 |   8 |  517.0 |
       Dungeon |   4136 |   3954 |    182 |    142 |   3070 |   8 |  517.0 |
               +--------+--------+--------+--------+--------+-----+--------+

Top non-repeatable levels by time:
     D:4: 1032 daAuts
     D:2: 1008 daAuts
     D:1: 952 daAuts
     D:3: 881 daAuts
     D:7: 181 daAuts
     D:5: 46 daAuts
     D:6: 17 daAuts
     D:8: 16 daAuts
